 Dungeon Crawl Stone Soup version 0.28-a0-909-g796cbd3a86 (webtiles) character file.

Game seed: 9804159163974184987

472 croobank the Sneak (level 7, 0/67 HPs)
             Began as an Octopode Transmuter on Nov 24, 2021.
             Slain by an orc wizard (1 damage)
             ... on level 4 of the Dungeon.
             The game lasted 00:22:01 (3572 turns).

croobank the Sneak (Octopode Transmuter)            Turns: 3572, Time: 00:22:02

Health: 0/67       AC: 27    Str: 12    XL:     7   Next: 9%
Magic:  10/12      EV:  2    Int: 21    God:
Gold:   102        SH:  0    Dex: 12    Spells: 4/13 levels left

rFire   . . .      SeeInvis .   h - +1 short sword
rCold   . . .      Faith    .   (no shield)
rNeg    . . .      Spirit   .   (helmet currently unavailable)
rPois   +          Reflect  .   (no amulet)
rElec   .          Harm     .   d - +4 ring of protection
rCorr   .          Rampage  .   e - +6 ring of intelligence
Will    .....      NoTele   +   (no ring)
Stlth   ++........              (no ring)
HPRegen 0.21/turn               (no ring)
MPRegen 0.13/turn               (no ring)
                                (no ring)
                                (no ring)

@: tree-form
A: stationary, stasis, torment immunity, boosted hp, almost no armour,
(amphibious), 8 rings, (camouflage 1), (gelatinous body 1), (nimble swimmer 1),
(tentacles), (tentacle spike 1), wild magic 1
a: no special abilities


You were on level 4 of the Dungeon.
You were a tree.
You visited 1 branch of the dungeon, and saw 4 of its levels.

You collected 102 gold pieces.

Inventory:

Hand Weapons
 h - a +1 short sword (weapon)
 m - a +2 dagger of draining
Missiles
 g - 18 sling bullets
 i - 70 stones
Jewellery
 d - a +4 ring of protection (left branch)
 e - a +6 ring of intelligence (right branch)
Scrolls
 f - 2 scrolls of teleportation
Potions
 b - a potion of mutation


   Skills:
 + Level 2.0 Fighting
 + Level 2.9 Short Blades
 + Level 3.2 Dodging
 + Level 3.8 Stealth
 + Level 3.5 Unarmed Combat
 + Level 3.5 Spellcasting
 + Level 3.2 Transmutations


You had 4 spell levels left.
You knew the following spells:

 Your Spells              Type           Power      Damage    Failure   Level
a - Beastly Appendage     Tmut           44%        N/A       5%          1
b - Wereblood             Tmut           22%        N/A       8%          2
c - Spider Form           Tmut/Pois      13%        N/A       26%         3
d - Call Canine Familiar  Summ           4%         N/A       45%         3

Your spell library contained the following spells:

 Spells                   Type           Power      Damage    Failure   Level
 Portal Projectile        Hex/Tloc       8%         N/A       45%         3
 Ice Form                 Ice/Tmut       13%        N/A       63%         4
 Leda's Liquefaction      Hex/Erth       2%         N/A       83%         4


Dungeon Overview and Level Annotations

Branches:
Dungeon (4/15)
 Temple: D:4-7

Altars:
Xom

Annotations:
D:3 Grinder


Innate Abilities, Weirdness & Mutations

You are a tree.
Your roots penetrate the ground, keeping you stationary.
You cannot be teleported.
You are immune to unholy pain and torment.
Your maximum health is greatly increased.
You cannot wear most types of armour.
((You are amphibious.))
You can wear up to eight rings at the same time.
((Your skin changes colour to match your surroundings (Stealth+).))
((Your rubbery body absorbs attacks. (AC +1, EV +1)))
((You are camouflaged near water. (Stealth+)))
((You have tentacles for arms and can constrict up to eight enemies at once.))
((One of your tentacles bears a spike.))
Your spells are a little harder to cast, but a little more powerful.


Message History

The orc hits you but does no damage.
You barely miss the orc. The orc hits you but does no damage.
You hit the orc but do no damage.
The orc wizard hits you but does no damage.
The orc hits you but does no damage.
You hit the orc.
The orc is lightly wounded.
The orc wizard gestures at you while chanting.
You are confused.
You cannot move. (Use ctrl+direction or * direction to attack without moving.)
You hit the orc wizard.
The orc wizard is lightly wounded.
The orc hits you but does no damage.
The orc wizard hits you but does no damage.
You swing at nothing.
The orc hits you but does no damage.
The orc wizard gestures at you while chanting.
You resist with some effort.
You swing at nothing.
The orc hits you but does no damage.
The orc wizard hits you but does no damage.
You swing at nothing.
The orc hits you with a +0 dagger.
* * * LOW HITPOINT WARNING * * *
The orc wizard hits you with a +0 dagger.
* * * LOW HITPOINT WARNING * * *
You miss the orc wizard.
The orc wizard is lightly wounded.
The orc hits you but does no damage.
The orc wizard gestures wildly while chanting.
The orc wizard flickers and vanishes!
Deactivating autopickup; reactivate with Ctrl-A.
You miss something. The orc hits you but does no damage.
Something hits you but does no damage.
You attack the rock wall.
The orc hits you with a +0 dagger.
* * * LOW HITPOINT WARNING * * *
Something hits you but does no damage.
You nearly hit yourself!
You feel less confused. The orc hits you but does no damage.
Something hits you but does no damage.
You barely miss something. The orc hits you but does no damage.
Something hits you.
You die...

#...... #.#... #......
.#... ....... ....
....... #... $.......
#... .####........ #...
.............
#.#{#####.........###
#.§o♣§.......... #
#.§§.§......... #
#..........### #
#..........##########
#............'.........
#............##########
#............#
#............# #####
#............. .....


You could see an orc.

Vanquished Creatures
  A black bear (D:4)
  A kobold brigand (D:4)
  A scorpion (D:4)
  An orc priest (D:4)
  Jessica (D:3)
  2 orc wizards (D:4)
  A hound zombie (D:3)
  A hound skeleton (D:4)
  3 adders
  A gnoll (D:1)
  3 worms
  A dart slug (D:2)
  3 orcs
  7 endoplasms
  3 giant cockroaches
  12 hobgoblins
  2 jackals (D:2)
  4 quokkas
  11 ball pythons
  4 bats
  A frilled lizard (D:3)
  4 goblins
  5 kobolds
  7 rats
80 creatures vanquished.

Notes
Turn   | Place    | Note
-------+----------+-------------------------------------------
     0 | D:1      | croobank the Octopode Transmuter began the quest for the
                  | Orb.
     0 | D:1      | Reached XP level 1. HP: 13/13 MP: 3/3
    51 | D:1      | Reached XP level 2. HP: 2/18 MP: 3/5
   309 | D:1      | Learned a level 2 spell: Wereblood
   735 | D:1      | Reached XP level 3. HP: 23/23 MP: 3/6
   856 | D:1      | Learned a level 3 spell: Spider Form
  1322 | D:1      | Found a faded altar of an unknown god.
  1433 | D:2      | Found a shimmering altar of Xom.
  1458 | D:2      | Reached skill level 1 in Stealth
  1681 | D:2      | Reached XP level 4. HP: 28/28 MP: 5/7
  2071 | D:3      | Noticed Jessica
  2084 | D:3      | Killed Jessica
  2085 | D:3      | Reached skill level 1 in Short Blades
  2215 | D:3      | Reached XP level 5. HP: 31/33 MP: 9/9
  2367 | D:3      | Noticed Grinder
  2372 | D:3      | Gained mutation: One of your tentacles bears a spike.
                  | [potion of mutation]
  2372 | D:3      | Gained mutation: Your spells are a little harder to cast,
                  | but a little more powerful. [potion of mutation]
  2972 | D:4      | Noticed a kobold brigand
  2983 | D:4      | HP: 1/33 [poisoned by a kobold brigand]
  2985 | D:4      | Killed a kobold brigand
  2986 | D:4      | Reached XP level 6. HP: 4/39 MP: 8/10
  2990 | D:4      | HP: 1/39 [poisoned by a kobold brigand]
  3366 | D:4      | Noticed a black bear
  3373 | D:4      | Killed a black bear
  3462 | D:4      | Learned a level 3 spell: Call Canine Familiar
  3540 | D:4      | Reached XP level 7. HP: 18/45 MP: 6/12
  3553 | D:4      | HP: 3/67 [orc priest/divine providence (7)]
  3556 | D:4      | Identified a scroll of acquirement
  3556 | D:4      | Acquired a ring of see invisible
  3567 | D:4      | HP: 3/67 [orc wizard (2)]
  3570 | D:4      | HP: 1/67 [orc (3)]
  3572 | D:4      | Slain by an orc wizard

Illustrated notes

Levels and vault maps discovered:
D:1:      psy_arrival_whirlpool, layout_basic, ebering_ecumenical_altar_hall
D:2:      layout_basic, basic_altar
D:3:      layout_loops_ring, uniq_jessica, uniq_grinder
D:4:      layout_basic

Skill      XL: |  1  2  3  4  5  6 |
---------------+-------------------+-----
Stealth        | 1 2 3 |  3.8
Short Blades   | 1 2 |  2.9
Spellcasting   | 3 |  3.5
Transmutations | 3 |  3.2
Fighting       | 2 |  2.0
Dodging        | 3 |  3.2
Unarmed Combat | |  3.5

Action                   |  1- 3 |  4- 6 |  7- 9 || total
-------------------------+-------+-------+-------++-------
Melee: Unarmed           |    41 |     6 |       ||    47
       Constrict         |    19 |    28 |       ||    47
       Tentacles         |    10 |    15 |       ||    25
       Kick              |    12 |    24 |       ||    36
       Short sword       |    38 |    98 |    23 ||   159
       Punch             |     1 |     3 |     1 ||     5
 Cast: Beastly Appendage |    21 |    12 |       ||    33
       Wereblood         |     1 |     3 |       ||     4
       Spider Form       |       |     1 |       ||     1
  Use: Scroll            |     1 |     2 |     4 ||     7
       Potion            |       |     3 |     1 ||     4
 Stab: Sleeping          |    10 |     4 |       ||    14
Armor: Skin              |    19 |    25 |    39 ||    83
Dodge: Dodged            |    53 |    50 |     2 ||   105

Table legend: (Time is in decaauts)
 A = Elapsed time spent in this place.
 B = Non-inter-level travel time spent in this place.
 C = Inter-level travel time spent in this place.
 D = Time resting spent in this place.
 E = Time spent auto-exploring this place.
 F = Levels seen in this place.
 G = Mean time per level.
                   A        B        C        D        E       F      G
               +--------+--------+--------+--------+--------+-----+--------+
         Total |   3551 |   3516 |     35 |    828 |   1669 |   4 |  887.8 |
       Dungeon |   3551 |   3516 |     35 |    828 |   1669 |   4 |  887.8 |
               +--------+--------+--------+--------+--------+-----+--------+

Top non-repeatable levels by time:
     D:1: 1426 daAuts
     D:4: 919 daAuts
     D:2: 644 daAuts
     D:3: 561 daAuts
